 Dungeon Crawl Stone Soup version 0.31-a0-185-g9dded2c639 (webtiles) character file.

Game seed: 553324385671644427

46 qw the Shooter (level 3, 0/20 HPs)
             Began as a Deep Elf Hunter on June 22, 2023.
             Slain by an orc
             ... wielding a +0 hand axe
              (1 damage)
             ... on level 2 of the Dungeon.
             The game lasted 00:00:23 (624 turns).

qw the Shooter (Deep Elf Hunter)                     Turns: 624, Time: 00:00:24

Health: 0/20       AC:  5    Str: 10    XL:     3   Next: 46%
Magic:  5/5        EV: 11    Int: 13    God:
Gold:   17         SH:  0    Dex: 18    Spells: 2/2 levels left

rFire   . . .        Y - +0 shortbow
rCold   . . .        (shield currently unavailable)
rNeg    . . .        f - +0 ring mail
rPois   .            (no helmet)
rElec   .            (no cloak)
rCorr   .            (no gloves)
SInv    .            (no boots)
Will    .....        (no amulet)
Stlth   +            (no ring)
HPRegen 0.23/turn    (no ring)
MPRegen 0.09/turn

%: no passive effects
@: no status effects
A: no striking features
a: no special abilities


You were on level 2 of the Dungeon.
You visited 1 branch of the dungeon, and saw 2 of its levels.

You collected 17 gold pieces.


   Skills:
 - Level 1.5 Fighting
 + Level 7.0 Ranged Weapons
 - Level 2.4 Dodging
 - Level 1.2 Stealth


You had 2 spell levels left.
You didn't know any spells.
Your spell library was empty.

Inventory:

Hand Weapons
 Y - a +0 shortbow (weapon)
Armour
 f - a +0 ring mail (worn)
Potions
 e - a potion of magic {unknown}
 h - a potion of haste {unknown}

Dungeon Overview and Level Annotations

Branches:
Dungeon (2/15)

Altars:

Annotations:
D:1 1 runed translucent door


Message History

The arrow hits the orc.
The orc is heavily wounded.
The orc closely misses you. The orc wizard closely misses you.
You shoot an arrow. The arrow hits the orc wizard.
The orc wizard is moderately wounded.
The orc closely misses you. The orc wizard casts a spell at you.
You are confused.
The orc hits you with a +0 hand axe. The orc wizard barely misses you.
The orc hits you but does no damage. The orc misses you.
The orc wizard hits you but does no damage.
The orc drinks a potion.
The orc is healed!
The orc misses you. The orc wizard barely misses you.
The orc hits you with a +0 club. The orc hits you with a +0 hand axe.
The orc wizard hits you but does no damage.
The orc hits you but does no damage. The orc closely misses you.
The orc wizard hits you but does no damage.
The orc hits you but does no damage. x2
The orc wizard hits you but does no damage.
A ball python comes into view.
You feel less confused. The orc hits you but does no damage. x2
The orc wizard hits you but does no damage.
You shoot an arrow.
The arrow hits the orc wizard but does no damage.
The orc wizard is moderately wounded.
The orc hits you but does no damage. The orc hits you with a +0 hand axe.
The orc wizard hits you but does no damage.
You shoot an arrow. The arrow hits the orc wizard!
The orc wizard is severely wounded.
The orc hits you with a +0 hand axe. The orc completely misses you.
The orc wizard barely misses you.
The orc wizard gestures at you while chanting.
The puff of flame hits you. The orc barely misses you.
The orc hits you but does no damage.
You shoot an arrow. The arrow barely misses the orc wizard.
The arrow hits the ball python.
The ball python is moderately wounded.
The orc hits you with a +0 hand axe.
You die...

## .## ..## ...# ..#
.( ##o##....
###@oS..... ..#
#..o#...... #.#
#)#...#)#.. #.#
#.##...... #.# #.#
.##.#.. #.# #.# .# #
####.#########.# ..
...............#####
####.#######..........


You could see an orc wizard, 2 orcs and a ball python.

Vanquished Creatures
  An adder (D:2)
  An orc (D:2)
  2 giant cockroaches (D:1)
  3 goblins (D:1)
  2 hobgoblins (D:1)
  8 jackals (D:1)
  A quokka (D:1)
  5 ball pythons (D:1)
  5 frilled lizards
  3 kobolds
  3 rats (D:1)
34 creatures vanquished.

Notes
Turn   | Place    | Note
-------+----------+-------------------------------------------
     0 | D:1      | qw the Deep Elf Hunter began the quest for the Orb.
     0 | D:1      | Reached XP level 1. HP: 12/12 MP: 3/3
     0 | D:1      | 0 ||| qw: Version: 0.3-a-9-g12657ce
     0 | D:1      | 0 ||| qw: Game counter: 1891
     0 | D:1      | 0 ||| qw: Always use a shield: true
     0 | D:1      | 0 ||| qw: God list: Okawaru
     0 | D:1      | 0 ||| qw: Allow faded altars: false
     0 | D:1      | 0 ||| qw: Do Orc after D:15 true
     0 | D:1      | 0 ||| qw: Do second Lair branch before Depths: true
     0 | D:1      | 0 ||| qw: Lair rune preference: random
     0 | D:1      | 0 ||| qw: Plans: Normal
     0 | D:1      | 0 ||| PLANNING D:1-11
     0 | D:1      | Noticed a jelly
     1 | D:1      | Found a runed translucent door.
    62 | D:1      | Reached XP level 2. HP: 16/16 MP: 4/4
    68 | D:1      | Reached skill level 6 in Ranged Weapons
   155 | D:1      | 155 ||| FLEEEEING.
   244 | D:1      | Reached XP level 3. HP: 20/20 MP: 5/5
   413 | D:1      | 413 ||| UPGRADING to +0 ring mail.
   423 | D:1      | 423 ||| DROPPING +0 leather armour.
   424 | D:1      | 424 ||| READING scroll labelled ZAKUAR AGHEP.
   452 | D:1      | 452 ||| DRINKING 2 bubbling dark potions.
   499 | D:1      | 499 ||| DROPPING scroll of butterflies.
   500 | D:1      | 500 ||| DROPPING potion of lignification.
   605 | D:2      | Reached skill level 7 in Ranged Weapons
   623 | D:2      | HP: 1/20 [orc wizard/puff of flame (5)]
   624 | D:2      | Slain by an orc

Levels and vault maps discovered:
D:1:      dpeg_arrival_caged_fury, layout_rooms, serial_forest,
          infiniplex_forest_lined_3, infiniplex_forest_lined_1,
          infiniplex_forest_clump_curved, infiniplex_forest_lined_2,
          infiniplex_forest_straight_2
D:2:      layout_loops_ring

Skill      XL: |  1  2  3 |
---------------+----------+-----
Ranged Weapons | 6 7 |  7.0
Fighting       | |  1.5
Dodging        | |  2.4
Stealth        | |  1.2

Action                     || total
---------------------------++-------
   Fire: Shortbow          ||    85
    Use: Scroll            ||     1
         Potion            ||     1
 Armour: Leather armour    ||     7
         Ring mail         ||    15
  Dodge: Dodged            ||    40

Table legend:
 A = Non-vault XP
 B = Vault XP
 C = Vault XP percentage of total XP
 D = Non-vault monster count
 E = Vault monster count
 F = Vault count percentage of total count
                 A         B        C        D         E       F
            +---------+---------+-------+---------+---------+-------
      Total |      67 |       0 |   0.0 |      34 |       0 |   0.0
            +---------+---------+-------+---------+---------+-------
        D:1 |      46 |       0 |   0.0 |      28 |       0 |   0.0
        D:2 |      21 |       0 |   0.0 |       6 |       0 |   0.0
            +---------+---------+-------+---------+---------+-------
